[Event "ICC Open 2015"]
[Site "Internet Chess Club"]
[Date "2015.05.30"]
[Round "2"]
[White "lemanofzorn"]
[Black "Asmodeus"]
[Result "0-1"]
[ICCResult "White checkmated"]
[WhiteElo "1437"]
[BlackElo "1909"]
[Opening "QGD: 6.Nf3"]
[ECO "D55"]
[NIC "QO.16"]
[Time "19:13:37"]
[TimeControl "180+0"]

1. d4 Nf6 2. c4 e6 3. Nc3 d5 4. Nf3 Be7 5. Bg5 O-O 6. e3 c5 7. dxc5 Bxc5 8.
cxd5 exd5 9. Nxd5 Qxd5 10. Bxf6 Qxd1+ 11. Rxd1 gxf6 12. Bd3 Bb4+ 13. Ke2 Nc6
14. Bb5 Be6 15. a3 Ba5 16. Bxc6 bxc6 17. Nd4 c5 18. Nxe6 fxe6 19. Rd6 Rfe8
20. Rhd1 Kf7 21. Rd7+ Re7 22. R7d6 Rb8 23. b4 cxb4 24. axb4 Bxb4 25. Rb1
Bxd6 26. Rxb8 Bxb8 27. f4 Rd7 28. Kf3 a6 29. h3 a5 30. g4 a4 31. h4 a3 32.
g5 fxg5 33. hxg5 a2 34. Ke4 Kg6 35. f5+ exf5+ 36. Kf3 Kxg5 37. e4 fxe4+ 38.
Kxe4 h6 39. Kf3 Re7 40. Kg2 Rf7 41. Kh3 h5 42. Kg2 Kg4 43. Kh1 Rf2 44. Kg1
Rb2 45. Kf1 Be5 46. Ke1 h4 47. Kd1 h3 48. Kc1 h2 49. Kd1 Kf3 50. Kc1 h1=N
51. Kd1 Bf4 52. Ke1 Ng3 53. Kd1 Be3 54. Ke1 Ne4 55. Kd1 Nc3+ 56. Ke1 Bf4 57.
Kf1 Bg3 58. Kg1 Ne4 59. Kf1 Nf6 60. Kg1 Nh5 61. Kf1 Nf4 62. Kg1 Ne6 63. Kf1
Nd8 64. Kg1 Nb7 65. Kh1 Na5 66. Kg1 Nc6 67. Kf1 Nb4 68. Kg1 a1=Q#
{White checkmated}
0-1

[Event "ICC Open 2015"]
[Site "Internet Chess Club"]
[Date "2015.05.30"]
[Round "2"]
[White "graccus"]
[Black "Ramanip15"]
[Result "0-1"]
[ICCResult "White forfeits on time"]
[WhiteElo "1331"]
[BlackElo "1865"]
[Opening "Dutch"]
[ECO "A80"]
[NIC "HD.12"]
[Time "19:13:43"]
[TimeControl "180+0"]

1. d4 f5 2. Nc3 Nf6 3. Bg5 e6 4. e3 d5 5. f4 Be7 6. Nf3 c5 7. Bb5+ Bd7 8.
O-O a6 9. Bxd7+ Nbxd7 10. Ne2 c4 11. c3 Ne4 12. Bxe7 Qxe7 13. Ne5 Nxe5 14.
fxe5 O-O 15. Qe1 b5 16. Ng3 Nxg3 17. Qxg3 a5 18. a3 b4 19. axb4 axb4 20. Qf2
bxc3 21. bxc3 Ra3 22. Qb2 Rfa8 23. Rxa3 Qxa3 24. Qb7 Qa6 25. Qe7 h6 26. Rb1
Ra7 27. Rb8+ Kh7 28. Qe8 Qa1+ 29. Kf2 Qd1 30. Qg8+ Kg6 31. Qe8+ Kh7 32. Qg8+
Kg6 33. Qe8+ Kg5 34. Qd8+ Kh5 35. Qe8+ g6 36. h3 Ra2+ 37. Kg3 Qe1+ 38. Kh2
Qxe3 {White forfeits on time} 0-1

[Event "ICC Open 2015"]
[Site "Internet Chess Club"]
[Date "2015.05.30"]
[Round "2"]
[White "Garpun"]
[Black "Catknight"]
[Result "1-0"]
[ICCResult "Black checkmated"]
[WhiteElo "2706"]
[BlackElo "2089"]
[Opening "Queen's pawn, Mason variation"]
[ECO "D00"]
[NIC "QP.08"]
[Time "19:13:29"]
[TimeControl "180+0"]

1. d4 d5 2. Bf4 Nf6 3. e3 Bf5 4. c4 e6 5. Nc3 Be7 6. Qb3 b6 7. Nb5 Bd6 8.
Bxd6 cxd6 9. cxd5 Nxd5 10. Qa3 O-O 11. Nxd6 Bg6 12. Rc1 Nd7 13. Nf3 Qf6 14.
Be2 e5 15. O-O e4 16. Nd2 Qg5 17. N6xe4 Qh4 18. Ng3 f5 19. f4 Rae8 20. Nf3
Qf6 21. Bc4 Bf7 22. Ne5 Nxe5 23. fxe5 Qg6 24. Nxf5 Be6 25. Bxd5 Rxf5 26.
Bxe6+ Qxe6 27. Rxf5 Qxf5 28. Qb3+ Kh8 29. Rf1 Qg5 30. Rf3 Rc8 31. h3 h6 32.
Kh2 Rc1 33. Rf8+ Kh7 34. Qd3+ g6 35. Qe4 Kg7 36. Rf2 Rc7 37. Qf4 Qxf4+ 38.
exf4 g5 39. f5 Kf7 40. d5 Rc5 41. Rd2 Ke7 42. f6+ Kf7 43. d6 Rxe5 44. d7
Kxf6 45. d8=Q+ Kf5 46. Qd6 Re4 47. Rf2+ Rf4 48. Re2 Re4 49. Qd5+ Kg6 50.
Qxe4+ Kh5 51. Qg4+ Kg6 52. Re6+ Kg7 53. Qf5 Kh8 54. Qf7 h5 55. Re8#
{Black checkmated}
1-0

[Event "ICC Open 2015"]
[Site "Internet Chess Club"]
[Date "2015.05.30"]
[Round "2"]
[White "nihil95"]
[Black "pranav-nsk"]
[Result "1-0"]
[ICCResult "Black forfeits on time"]
[WhiteElo "1819"]
[BlackElo "1333"]
[Opening "Sicilian defense"]
[ECO "B32"]
[NIC "SI.31"]
[Time "19:13:56"]
[TimeControl "180+0"]

1. e4 c5 2. Nf3 Nc6 3. d4 cxd4 4. Bc4 e6 5. c3 dxc3 6. Nxc3 Nf6 7. O-O Qc7
8. Qe2 Bd6 9. Bg5 Ne5 10. Nxe5 Bxe5 11. f4 Bxc3 12. bxc3 Qd8 13. e5 h6 14.
Bh4 Qb6+ 15. Bf2 Qc6 16. exf6 gxf6 17. Bd4 Ke7 18. Rae1 b6 19. f5 e5 20.
Bxe5 fxe5 21. Qxe5+ Kd8 22. Qxh8+ Kc7 23. Qe5+ d6 24. Qe7+ Bd7 25. Qxf7 Qc5+
26. Kh1 Rc8 27. Qd5 Kb8 28. Qxc5 Rxc5 29. Re4 Bxf5 30. Rd4 Kc7 31. g4 Bd7
32. Rf7 Kc6 33. Rf6 Kc7 34. Rfxd6 Bxg4 35. Kg1 Rg5 36. Kf2 h5 37. Rh6 Rf5+
38. Kg3 Rf3+ 39. Kh4 Rh3+ 40. Kg5 Rxc3 41. Rf4 Rc2 42. Rf7+ Bd7 43. Rhh7
Rxc4 44. Rxd7+ Kc6 45. Rc7+ Kb5 46. Rxa7 Rc5+ 47. Kg6 Rc6+ 48. Kg5 Rc5+ 49.
Kg6 Rc6+ 50. Kg7 Rc2 51. Rxh5+ Kb4 52. a4 Ra2 53. Kh6 Rxa4 54. Rxa4+ Kxa4
55. Rf5 b5 56. Rxb5 Kxb5 57. Kg6 Kc6 58. h4 Kd5 59. h5 Kd6 60. h6 Ke5 61. h7
Ke4 62. h8=Q Kd5 63. Qf6 Kc4 64. Kf5 Kb5 65. Qe6 Kc5 66. Ke5 Kb4 67. Qd6+
Kc3 68. Kd5 Kd3 69. Qc5 Ke2 70. Qc4+ Kf3 71. Qd4 Kg3 72. Ke5 Kf3 73. Qe4+
Kg3 74. Kf5 {Black forfeits on time} 1-0

[Event "ICC Open 2015"]
[Site "Internet Chess Club"]
[Date "2015.05.30"]
[Round "2"]
[White "Tal-Baron"]
[Black "fviana"]
[Result "0-1"]
[ICCResult "White forfeits on time"]
[WhiteElo "3008"]
[BlackElo "2350"]
[Opening "Nimzo-Indian: Kmoch variation"]
[ECO "E20"]
[NIC "NI.30"]
[Time "19:13:26"]
[TimeControl "180+0"]

1. d4 Nf6 2. c4 e6 3. Nc3 Bb4 4. f3 d5 5. a3 Be7 6. e4 dxe4 7. fxe4 e5 8. d5
a5 9. Nf3 Bg4 10. h3 Bxf3 11. Qxf3 Nbd7 12. Bd3 Bc5 13. Bg5 h6 14. Bh4 Bd4
15. Nb5 Bc5 16. O-O-O c6 17. Nc3 Bd4 18. Ne2 c5 19. g4 Qb6 20. Rd2 O-O-O 21.
Rf1 Kb8 22. Kb1 Ka8 23. Ka2 Rc8 24. b3 g5 25. Bg3 h5 26. Qf5 hxg4 27. hxg4
Qd6 28. Rdd1 Rh3 29. Rh1 Rch8 30. Rxh3 Rxh3 31. Qxg5 a4 32. Rb1 axb3+ 33.
Rxb3 Nb6 34. Qd2 Nfd7 35. Nxd4 cxd4 36. Be1 Kb8 37. Qg2 Qh6 38. Bd2 Qh4 39.
Be1 Qh7 40. Bg3 Na4 41. d6 Nc3+ 42. Rxc3 dxc3 43. Kb3 f6 44. Kxc3 Nc5 45.
Bf1 Qd7 46. Qxh3 Qa4 47. Qh8+ Ka7 48. Bf2 Qb3+ 49. Kd2 b6 50. Bxc5 Qb2+ 51.
Ke3 bxc5 52. Qg7+ Kb6 53. Qxf6 Qd4+ 54. Ke2 Qb2+ 55. Kf3 Qc3+ 56. Kg2 Qd4
57. Qxe5 Qd2+ 58. Kg1 Qc3 59. Bg2 Qxe5 60. d7 Qd4+ 61. Kh2 Qd1 62. g5 Qxd7
63. g6 Qd6+ 64. Kg1 Qxg6 65. e5 Qg7 {White forfeits on time} 0-1

[Event "ICC Open 2015"]
[Site "Internet Chess Club"]
[Date "2015.05.30"]
[Round "2"]
[White "Peter-Patzer"]
[Black "shredded"]
[Result "0-1"]
[ICCResult "White forfeits on time"]
[WhiteElo "2105"]
[BlackElo "2702"]
[Opening "Owen defense"]
[ECO "B00"]
[NIC "VO.02"]
[Time "19:13:51"]
[TimeControl "180+0"]

1. e4 b6 2. d4 Bb7 3. Bd3 Nf6 4. Nd2 Nc6 5. c3 e5 6. d5 Ne7 7. Ngf3 Ng6 8.
O-O c6 9. c4 Be7 10. Re1 O-O 11. Nf1 Re8 12. Ng3 a6 13. Nf5 Bb4 14. Bd2 Bxd2
15. Qxd2 cxd5 16. cxd5 d6 17. Qb4 Nf4 18. Bf1 g6 19. Nxd6 Qe7 20. Qxb6 Reb8
21. Qc5 Nd7 22. Qa3 a5 23. g3 Nh5 24. Rec1 Ba6 25. Bxa6 Rxa6 26. Rc7 Qxd6
27. Qc3 Nhf6 28. Rc6 Rxc6 29. dxc6 Nc5 30. Qxa5 Ncxe4 31. Nxe5 Rc8 32. Rc1
Ng5 33. Re1 Kg7 34. Qc3 Nge4 35. Qa5 Re8 36. c7 Rc8 37. Nc4 Qxc7 38. Qxc7
Rxc7 39. Ne3 Ng5 40. Re2 Nf3+ 41. Kg2 Nd4 42. Rc2 Nxc2 43. Nd1 Nb4 44. Nc3
Nxa2 45. Nxa2 Rb7 46. b4 Ra7 47. Nc3 Rb7 48. b5 Rb8 49. Kf3 Rc8 50. Ne2 Rc5
51. Nf4 Rxb5 52. h4 Rb3+ 53. Kg2 Rb4 54. h5 Rb8 55. h6+ Kxh6 56. Ne2 Kg7 57.
Nc3 Rf8 58. Nd5 Re8 59. Ne3 Ne4 60. Ng4 Ng5 61. Nh2 Nf3 62. Ng4 Ne5 63. Nh2
f6 64. Ng4 f5 65. Nh2 Ng4 66. Nf1 f4 67. Ne3 f3+ 68. Kxf3 Nxe3 69. fxe3 Rf8+
70. Ke2 Re8 71. e4 Re7 72. Ke3 Re6 73. Kf4 Kf6 74. Kf3 Re5 75. Kf4 g5+ 76.
Ke3 h6 77. Kf3 h5 78. Ke3 h4 79. Kf3 h3 80. Ke3 h2 81. Kf3 h1=Q+ 82. Kf2
Qg2+ 83. Ke3 Qxg3+ 84. Kd2 g4 85. Ke2 Qf4 {White forfeits on time} 0-1

[Event "ICC Open 2015"]
[Site "Internet Chess Club"]
[Date "2015.05.30"]
[Round "2"]
[White "Cave-Man"]
[Black "blackjack721"]
[Result "1-0"]
[ICCResult "Black forfeits on time"]
[WhiteElo "1844"]
[BlackElo "1423"]
[Opening "Ruy Lopez: classical (Cordel) defense"]
[ECO "C64"]
[NIC "RL.01"]
[Time "19:14:12"]
[TimeControl "180+0"]

1. e4 e5 2. Nf3 Nc6 3. Bb5 Bc5 4. d3 d5 5. exd5 Qxd5 6. O-O Bd7 7. Bc4 Qd6
8. Nc3 Nf6 9. Re1 O-O-O 10. Be3 Bb4 11. Re2 Bg4 12. a3 Ba5 13. Rd2 Nd4 14.
b4 Nxf3+ 15. gxf3 Bb6 16. Bxb6 Bh3 17. Be3 Nh5 18. Kh1 Nf4 19. Bxf4 exf4 20.
Ne4 Qd4 21. c3 Qe5 22. Qg1 f5 23. d4 Qe7 24. Ng5 Bg4 25. fxg4 h6 26. Ne6 Rd6
27. gxf5 f3 28. Qg4 g5 29. fxg6 Kb8 30. Rg1 h5 31. Qg5 Qd7 32. g7 Rc8 33.
Nf8 Qc6 34. g8=Q b5 35. Bd5 Qxc3 36. Rgd1 Rcd8 37. Qf7 Qxd4 38. Rxd4 c6 39.
Ne6 {Black forfeits on time} 1-0

[Event "ICC Open 2015"]
[Site "Internet Chess Club"]
[Date "2015.05.30"]
[Round "2"]
[White "MaestroASK"]
[Black "blackending"]
[Result "1-0"]
[ICCResult "Black forfeits on time"]
[WhiteElo "2566"]
[BlackElo "1708"]
[Opening "Benko's opening"]
[ECO "A00"]
[NIC "VO.09"]
[Time "19:13:52"]
[TimeControl "180+0"]

1. g3 Nf6 2. Bg2 g6 3. d3 Bg7 4. e4 d6 5. c3 O-O 6. Nh3 c6 7. O-O Nbd7 8. f4
e5 9. f5 gxf5 10. exf5 Nc5 11. g4 h6 12. Nf2 Re8 13. h4 e4 14. dxe4 Nfxe4
15. Nxe4 Nxe4 16. g5 hxg5 17. hxg5 Nxg5 18. Qh5 Bf6 19. Nd2 Re5 20. Nf3
Nxf3+ 21. Rxf3 Kf8 22. Bh6+ Ke7 23. Kf1 b6 24. c4 d5 25. Re1 Qd6 26. Rxe5+
Bxe5 27. f6+ Kd7 28. Qxf7+ Kd8 29. Bf8 Qd7 30. Qe7+ Qxe7 31. Bxe7+ Kd7 32.
f7 Ba6 33. Bh3+ Kxe7 34. b3 dxc4 35. bxc4 Bxc4+ 36. Ke1 Bd5 37. Re3 Kd6 38.
a3 Rf8 39. Rd3 Kc5 40. Re3 Bg3+ 41. Rxg3 Kd4 42. Rg4+ Ke5 43. Rg7 Kf6 44.
Rg3 {Black forfeits on time} 1-0

[Event "ICC Open 2015"]
[Site "Internet Chess Club"]
[Date "2015.05.30"]
[Round "2"]
[White "Dlugy"]
[Black "Dark-Magician"]
[Result "0-1"]
[ICCResult "White forfeits on time"]
[WhiteElo "2985"]
[BlackElo "2322"]
[Opening "QGD: Orthodox defense, Rubinstein variation"]
[ECO "D61"]
[NIC "QO.12"]
[Time "19:14:00"]
[TimeControl "180+0"]

1. d4 d5 2. c4 e6 3. Nc3 Be7 4. Nf3 Nf6 5. Bg5 Nbd7 6. e3 O-O 7. Qc2 c6 8.
Rd1 a6 9. a3 Re8 10. Be2 h6 11. Bf4 dxc4 12. Bxc4 b5 13. Ba2 Bb7 14. e4 Qb6
15. O-O c5 16. d5 exd5 17. exd5 Bd6 18. Bxd6 Qxd6 19. Qf5 c4 20. Rd4 Nc5 21.
Rfd1 Bc8 22. Qc2 Bg4 23. Bb1 Bh5 24. h3 Nb3 25. Ne4 Nxe4 26. Rxe4 Bg6 27.
Rxe8+ Rxe8 28. Qc3 Bxb1 29. Rxb1 Qxd5 30. Re1 Rd8 31. Qb4 Nc5 32. Qa5 Qd6
33. Re2 Nd3 34. a4 Rb8 35. axb5 axb5 36. Rd2 Qc5 37. Qa6 Re8 38. Qb7 Nf4 39.
Qd7 Rf8 40. Nd4 b4 41. Nc6 Nd3 42. Ne7+ Kh7 43. Nd5 Qc8 44. Qxc8 Rxc8 45.
Nb6 Rc6 46. Nxc4 Nc5 47. Ne5 Rf6 48. Nd7 Nxd7 49. Rxd7 Kg6 50. Rd4 Rb6 51.
b3 Kg5 52. Rc4 Kf5 53. g3 g5 54. Kg2 h5 55. Kf3 Ke5 56. g4 hxg4+ 57. Kxg4
Kf6 58. Rc5 Rd6 59. Rc4 Rb6 60. f3 Rb5 61. Rc6+ Kg7 62. Kh5 Rf5 63. Kg4 Rb5
64. h4 gxh4 65. Kxh4 f6 66. Kg4 Kg6 67. Kf4 Rf5+ 68. Ke4 Re5+ 69. Kd3 Rf5
70. Ke3 Re5+ 71. Kf2 Rd5 72. Rc4 Rb5 73. Ke3 Re5+ 74. Kf4 Rb5 75. Ke4 Re5+
76. Kd4 Rb5 77. Ke3 Re5+ 78. Re4 Rb5 79. Kd4 Kf5 80. Kc4 Rb6 81. Rd4 Rc6+
82. Kxb4 Rb6+ 83. Kc5 Rb8 84. Rd5+ Ke6 85. Rd6+ Ke5 86. Rb6 Rc8+ 87. Kb4 Rc2
88. Rb5+ Ke6 89. Rc5 Rf2 90. Rc3 Kf7 91. Re3 Rd2 92. Kb5 Rd4 93. b4 Rd8 94.
Kc6 Rb8 {White forfeits on time} 0-1

[Event "ICC Open 2015"]
[Site "Internet Chess Club"]
[Date "2015.05.30"]
[Round "2"]
[White "eddington"]
[Black "RLH2"]
[Result "0-1"]
[ICCResult "White checkmated"]
[WhiteElo "2170"]
[BlackElo "2836"]
[Opening "Pirc: classical system, 5.Be2"]
[ECO "B06"]
[NIC "PU.03"]
[Time "19:14:06"]
[TimeControl "180+0"]

1. e4 g6 2. d4 Bg7 3. Nf3 d6 4. Nc3 Nf6 5. Be2 O-O 6. O-O c6 7. h3 Qc7 8.
Be3 e5 9. Re1 Nbd7 10. Bf1 Re8 11. dxe5 dxe5 12. a3 Nf8 13. Bc4 Be6 14. Qe2
b5 15. Bxe6 Nxe6 16. Rad1 Rad8 17. Rxd8 Rxd8 18. Rd1 Rb8 19. Ng5 Nxg5 20.
Bxg5 Nh5 21. Qd2 Nf4 22. Qd7 Qxd7 23. Rxd7 a5 24. Rd8+ Rxd8 25. Bxd8 a4 26.
g3 Ne6 27. Bb6 Bh6 28. Na2 Ng5 29. Nc3 Nf3+ 30. Kg2 Ne1+ 31. Kf1 Nxc2 32.
Ke2 Nd4+ 33. Kd3 Nb3 34. Bc7 f6 35. f4 Nc5+ 36. Ke3 Kf7 37. Kf3 Nd3 38. Ke3
Nxb2 39. Kf3 Nc4 40. Nb1 Ke6 41. Bb8 Bf8 42. fxe5 fxe5 43. Ke2 Nxa3 44. Nc3
Bd6 45. Kd3 Bxb8 46. Na2 Nc4 47. Nc1 c5 48. Na2 Nb2+ 49. Kc2 a3 50. Nc3 b4
51. Nb1 c4 52. Nd2 c3 53. Nb3 a2 54. Na1 Nc4 55. Kb3 Nd2+ 56. Kxa2 Nxe4 57.
Kb3 Bd6 58. Nc2 Nd2+ 59. Ka2 b3+ 60. Ka1 bxc2 61. Ka2 c1=Q 62. g4 Qb2#
{White checkmated}
0-1

[Event "ICC Open 2015"]
[Site "Internet Chess Club"]
[Date "2015.05.30"]
[Round "3"]
[White "jewels2"]
[Black "jps7"]
[Result "0-1"]
[ICCResult "White resigns"]
[WhiteElo "1303"]
[BlackElo "1597"]
[Opening "QGD: 4.Nf3"]
[ECO "D37"]
[NIC "QO.16"]
[Time "19:20:52"]
[TimeControl "180+0"]

1. d4 d5 2. c4 e6 3. Nc3 Nf6 4. Nf3 a6 5. a4 b6 6. cxd5 exd5 7. Bg5 Be7 8.
e4 dxe4 9. Nxe4 Nxe4 10. Bxe7 Qxe7 11. a5 Nc3+ {White resigns} 0-1

[Event "ICC Open 2015"]
[Site "Internet Chess Club"]
[Date "2015.05.30"]
[Round "3"]
[White "eltigrecu"]
[Black "Schack"]
[Result "1-0"]
[ICCResult "Black resigns"]
[WhiteElo "2020"]
[BlackElo "1650"]
[Opening "Trompowsky attack (Ruth, Opocenský opening)"]
[ECO "A45"]
[NIC "QP.07"]
[Time "19:20:44"]
[TimeControl "180+0"]

1. d4 Nf6 2. Bg5 Ne4 3. Bf4 d5 4. f3 Nf6 5. e4 dxe4 6. Nc3 Bf5 7. h4 e6 8.
g4 exf3 9. gxf5 f2+ 10. Kxf2 Nc6 11. fxe6 fxe6 12. Bb5 Ng4+ 13. Qxg4
{Black resigns}
1-0

[Event "ICC Open 2015"]
[Site "Internet Chess Club"]
[Date "2015.05.30"]
[Round "3"]
[White "StarShip32"]
[Black "Bravado"]
[Result "1-0"]
[ICCResult "Black resigns"]
[WhiteElo "2009"]
[BlackElo "1572"]
[Opening "QGD: semi-Slav, Noteboom variation"]
[ECO "D31"]
[NIC "SL.06"]
[Time "19:20:58"]
[TimeControl "180+0"]

1. d4 e6 2. c4 d5 3. Nc3 c6 4. Nf3 dxc4 5. a4 Bb4 6. Ne5 b5 7. e3 a5 8. Bd2
Bxc3 9. Bxc3 f6 10. Qh5+ Ke7 11. Qf7+ Kd6 12. Qxg7 Ne7 13. Nf7+ {Black
resigns} 1-0

[Event "ICC Open 2015"]
[Site "Internet Chess Club"]
[Date "2015.05.30"]
[Round "3"]
[White "Mastercito"]
[Black "MadMad"]
[Result "1-0"]
[ICCResult "Black resigns"]
[WhiteElo "2012"]
[BlackElo "1492"]
[Opening "King's Indian: London system"]
[ECO "A48"]
[NIC "QP.03"]
[Time "19:21:13"]
[TimeControl "180+0"]

1. d4 Nf6 2. Nf3 g6 3. Bf4 Bg7 4. h4 h5 5. e3 d6 6. Bd3 Bg4 7. c3 O-O 8. Qb3
b6 9. Ng5 Nh7 10. Bxg6 Nxg5 11. hxg5 d5 12. Bxh5 Bxh5 13. Rxh5 f6 14. g6 Re8
15. e4 c6 16. exd5 cxd5 17. Qxd5+ {Black resigns} 1-0

[Event "ICC Open 2015"]
[Site "Internet Chess Club"]
[Date "2015.05.30"]
[Round "3"]
[White "chips"]
[Black "PADILLON2189"]
[Result "0-1"]
[ICCResult "White resigns"]
[WhiteElo "1047"]
[BlackElo "2002"]
[Opening "Queen's pawn game"]
[ECO "D05"]
[NIC "QP.09"]
[Time "19:21:00"]
[TimeControl "180+0"]

1. Nf3 d5 2. d4 Nf6 3. e3 e6 4. g3 c5 5. Bg2 Nbd7 6. O-O b6 7. c3 Bb7 8.
Nbd2 Bd6 9. Qa4 O-O 10. b3 Qe7 11. c4 e5 12. dxe5 Nxe5 13. Nxe5 Qxe5 14. Rb1
Qe7 15. Bb2 dxc4 16. b4 Bxg2 17. Kxg2 cxb4 18. Nxc4 Bc5 19. Qd1 Rad8 20. Qe2
Ne4 21. Rfd1 Rxd1 22. Qg4 f5 23. Qxg7+ Qxg7 24. Bxg7 Rxb1 25. Bxf8 Bxf8
{White resigns}
0-1

[Event "ICC Open 2015"]
[Site "Internet Chess Club"]
[Date "2015.05.30"]
[Round "3"]
[White "nadalthegreat"]
[Black "jjosu"]
[Result "0-1"]
[ICCResult "White checkmated"]
[WhiteElo "1835"]
[BlackElo "2201"]
[Opening "Sicilian: Kan, 5.Nc3"]
[ECO "B43"]
[NIC "SI.41"]
[Time "19:20:56"]
[TimeControl "180+0"]

1. e4 c5 2. Nf3 e6 3. d4 cxd4 4. Nxd4 a6 5. Nc3 Qc7 6. Be3 Bb4 7. Qd2 Nf6 8.
f3 d5 9. Bd3 e5 10. Nf5 Bxf5 11. exf5 d4 12. a3 dxc3 13. Qe2 cxb2+ 14. Kf2
bxa1=Q 15. Rxa1 Bd6 16. Rb1 Nbd7 17. Bc4 O-O 18. Bd3 Rac8 19. g4 Nd5 20. Bd2
Nc3 21. Bxc3 Qxc3 22. f6 Nxf6 23. g5 Nd5 24. Qe4 Qd4+ 25. Qxd4 exd4 26. Be4
Nc3 27. Rxb7 Nxe4+ 28. fxe4 Rxc2+ 29. Kf3 d3 30. Rd7 Bxa3 31. Rxd3 Bb4 32.
Rb3 Rc3+ 33. Rxc3 Bxc3 34. Kf4 a5 35. Kf5 a4 36. h4 a3 37. h5 a2 38. g6
fxg6+ 39. Kg5 h6+ 40. Kxg6 Rf6# {White checkmated} 0-1

[Event "ICC Open 2015"]
[Site "Internet Chess Club"]
[Date "2015.05.30"]
[Round "3"]
[White "BlueGreen"]
[Black "noyb"]
[Result "1-0"]
[ICCResult "Black resigns"]
[WhiteElo "2550"]
[BlackElo "1992"]
[Opening "Caro-Kann: Panov-Botvinnik attack"]
[ECO "B13"]
[NIC "CK.03"]
[Time "19:21:19"]
[TimeControl "180+0"]

1. e4 c6 2. d4 d5 3. exd5 cxd5 4. c4 Nf6 5. Nc3 Nc6 6. Nf3 Bg4 7. Be2 e6 8.
cxd5 Nxd5 9. h3 Bh5 10. O-O Be7 11. Bd2 O-O 12. Rc1 Rc8 13. Re1 a6 14. Nxd5
Qxd5 15. Bc4 Qd6 16. Be3 Bf6 17. d5 exd5 18. Bxd5 Bxb2 19. Bxf7+ Rxf7 20.
Qxd6 Bxc1 21. Rxc1 Bxf3 22. gxf3 Rcf8 23. f4 h6 24. Kh2 Ne7 25. Qe6 Nf5 26.
Rc7 Nxe3 27. fxe3 {Black resigns} 1-0

[Event "ICC Open 2015"]
[Site "Internet Chess Club"]
[Date "2015.05.30"]
[Round "3"]
[White "hatorade"]
[Black "FZI88"]
[Result "0-1"]
[ICCResult "White resigns"]
[WhiteElo "1869"]
[BlackElo "2226"]
[Opening "King's Indian: fianchetto, Panno variation"]
[ECO "E63"]
[NIC "KI.71"]
[Time "19:20:43"]
[TimeControl "180+0"]

1. Nf3 Nf6 2. c4 g6 3. g3 Bg7 4. Bg2 O-O 5. O-O d6 6. Nc3 Nc6 7. d4 a6 8. e4
Rb8 9. d5 Na5 10. b3 c5 11. Bd2 Ng4 12. Rc1 b5 13. h3 Ne5 14. Nxe5 Bxe5 15.
cxb5 axb5 16. Kh2 b4 17. Ne2 Ba6 18. f4 Bg7 19. Rf2 c4 20. bxc4 Nxc4 21. Ng1
Qa5 22. Be1 Ne3 23. Qf3 Nxg2 24. Rxg2 Rfc8 25. Rb1 Qa3 26. Rb3 Qc1 27. Bxb4
Bc4 28. Ne2 Qd1 29. Ng1 Qxf3 30. Rxf3 Rxb4 {White resigns} 0-1

[Event "ICC Open 2015"]
[Site "Internet Chess Club"]
[Date "2015.05.30"]
[Round "3"]
[White "davidfrcc"]
[Black "nowornever"]
[Result "0-1"]
[ICCResult "White resigns"]
[WhiteElo "1873"]
[BlackElo "2016"]
[Opening "Queen's pawn: Keres defense"]
[ECO "A40"]
[NIC "QO.17"]
[Time "19:21:01"]
[TimeControl "180+0"]

1. d4 e6 2. c4 b6 3. Nf3 Bb7 4. Nc3 Bb4 5. Qc2 f5 6. e3 Nf6 7. a3 Bxc3+ 8.
Qxc3 Ne4 9. Qc2 O-O 10. Bd3 d6 11. b4 Nd7 12. Bb2 Qe8 13. Nd2 Qg6 14. O-O-O
Nxf2 15. Rhg1 Nxd1 16. Qxd1 Nf6 17. h4 Ne4 18. Nxe4 Bxe4 19. Bxe4 fxe4 20.
g4 Rf3 21. h5 Qg5 22. Kb1 Qxe3 23. Ka1 Raf8 24. g5 Qxg1 25. Qxg1 Rf1+ 26.
Qxf1 Rxf1+ 27. Ka2 Rg1 28. g6 hxg6 29. hxg6 Rxg6 30. a4 Rg2 31. c5 e3 32. a5
Rxb2+ 33. Kxb2 e2 34. cxb6 cxb6 35. axb6 axb6 {White resigns} 0-1

[Event "ICC Open 2015"]
[Site "Internet Chess Club"]
[Date "2015.05.30"]
[Round "3"]
[White "daddyo"]
[Black "DroolingBaby"]
[Result "0-1"]
[ICCResult "White resigns"]
[WhiteElo "1452"]
[BlackElo "2137"]
[Opening "English: Sicilian reversed"]
[ECO "A25"]
[NIC "EO.64"]
[Time "19:21:45"]
[TimeControl "180+0"]

1. c4 Nc6 2. Nc3 e5 3. d3 Bc5 4. g3 Nf6 5. Bg2 d6 6. Nf3 O-O 7. O-O a5 8.
Bd2 h6 9. a3 Be6 10. Na4 Ba7 11. Rb1 Qd7 12. Nc3 Bh3 13. Nb5 Bb6 14. b4 axb4
15. axb4 Bxg2 16. Kxg2 Nh5 17. Qc1 f5 18. Be3 Bxe3 19. Qxe3 Ra2 20. Rfd1 f4
21. Qc1 fxg3 22. fxg3 Rxe2+ 23. Kg1 Rxf3 24. Rf1 Qh3 {White resigns} 0-1

[Event "ICC Open 2015"]
[Site "Internet Chess Club"]
[Date "2015.05.30"]
[Round "3"]
[White "LMLLM"]
[Black "PeritoGeral"]
[Result "0-1"]
[ICCResult "White resigns"]
[WhiteElo "2365"]
[BlackElo "1991"]
[Opening "Benko's opening"]
[ECO "A00"]
[NIC "VO.09"]
[Time "19:21:25"]
[TimeControl "180+0"]

1. g3 e6 2. Bg2 Be7 3. Nf3 Nf6 4. O-O O-O 5. c4 c5 6. b3 d5 7. Bb2 Nc6 8. e3
b6 9. Qe2 Bb7 10. Rd1 Rc8 11. Nc3 d4 12. exd4 cxd4 13. Nb5 d3 14. Qf1 a6 15.
Nbd4 Nb4 16. a3 Nc2 17. Ra2 Be4 18. Ne1 Nxd4 19. Bxe4 Nxe4 20. Qxd3 Nxf2 21.
Kxf2 Nc6 22. Qxd8 Rfxd8 23. d4 b5 24. Nf3 bxc4 25. bxc4 Na5 26. c5 Bxc5 27.
Bc3 Nc4 28. Kg2 Ne3+ 29. Kh3 Nxd1 30. dxc5 Nxc3 {White resigns} 0-1

[Event "ICC Open 2015"]
[Site "Internet Chess Club"]
[Date "2015.05.30"]
[Round "3"]
[White "pagoda"]
[Black "Dlugy"]
[Result "0-1"]
[ICCResult "White resigns"]
[WhiteElo "1943"]
[BlackElo "2985"]
[Opening "Dunst (Sleipner, Heinrichsen) opening"]
[ECO "A00"]
[NIC "VO.15"]
[Time "19:22:04"]
[TimeControl "180+0"]

1. Nc3 d5 2. e4 d4 3. Nce2 g6 4. Nf3 Bg7 5. Ng3 h5 6. Bc4 h4 7. Ne2 h3 8. g3
Bg4 9. Nfg1 e5 10. f3 Bd7 11. d3 Nc6 12. Bd2 Qe7 13. f4 f5 14. Nf3 fxe4 15.
dxe4 O-O-O 16. O-O Bg4 17. Ng5 Nh6 18. f5 gxf5 19. exf5 e4 20. Be6+ Kb8 21.
Nf4 Bxd1 22. Raxd1 Qc5 {White resigns} 0-1

[Event "ICC Open 2015"]
[Site "Internet Chess Club"]
[Date "2015.05.30"]
[Round "3"]
[White "Sjelan"]
[Black "thatchessguy"]
[Result "1-0"]
[ICCResult "Black resigns"]
[WhiteElo "2174"]
[BlackElo "1831"]
[Opening "QGD semi-Slav: 5...Nd7"]
[ECO "D45"]
[NIC "SL.08"]
[Time "19:21:20"]
[TimeControl "180+0"]

1. d4 d5 2. Nf3 c6 3. c4 e6 4. e3 Nf6 5. Nc3 Nbd7 6. cxd5 exd5 7. Bd3 Bd6 8.
O-O O-O 9. Re1 Re8 10. h3 h6 11. Qc2 a6 12. Rb1 b5 13. b3 Bb7 14. Bb2 Rc8
15. e4 dxe4 16. Nxe4 Nxe4 17. Bxe4 Qc7 18. Bh7+ Kh8 19. Bf5 Rcd8 20. Rbd1
Nf6 21. Ne5 Bxe5 22. dxe5 Rxd1 23. Qxd1 Rd8 24. Qc1 Ne8 25. e6 Kg8 26. exf7+
Kxf7 27. Be6+ Kf8 28. Ba3+ c5 29. Bxc5+ Nd6 30. Qf4+ {Black resigns} 1-0

[Event "ICC Open 2015"]
[Site "Internet Chess Club"]
[Date "2015.05.30"]
[Round "3"]
[White "LastWarning"]
[Black "pierredams"]
[Result "1-0"]
[ICCResult "Black resigns"]
[WhiteElo "2703"]
[BlackElo "1997"]
[Opening "Benko's opening"]
[ECO "A00"]
[NIC "VO.09"]
[Time "19:21:49"]
[TimeControl "180+0"]

1. g3 c6 2. Bg2 Na6 3. d3 Nc7 4. Nc3 d5 5. e4 dxe4 6. dxe4 Qxd1+ 7. Nxd1 Bg4
8. f3 Be6 9. Be3 f6 10. Ne2 Bf7 11. Ndc3 e5 12. O-O-O Bb4 13. a3 Ba5 14. Bh3
Ne7 15. Bc5 Bb6 16. Bd7+ Kf8 17. Bd6 Ne8 18. Bxe7+ Kxe7 19. Bh3 Nd6 20. Kb1
Rhd8 21. Na4 Be3 22. Rd3 Bb6 23. Nxb6 axb6 24. Rhd1 Nb5 25. Rd7+ Rxd7 26.
Rxd7+ Ke8 27. Rxb7 Ra6 28. Bd7+ Kf8 29. Bxc6 Nd6 30. Rb8+ Ke7 31. Nc3 Bc4
32. b3 Bf1 33. Nd5+ Kf7 34. Rd8 Nb5 35. Be8+ Ke6 36. Bxb5 Bxb5 37. Nc7+ Ke7
38. Rd5 {Black resigns} 1-0